 Dungeon Crawl Stone Soup version 0.30-a0-862-g1aabd4f9c5 (webtiles) character file.

Game seed: 5441982305310326091

785 Dittersdorf the Covered (level 7, -1/44 HPs)
             Began as a Gargoyle Fighter on Mar 9, 2023.
             Slain by an ogre
             ... wielding a +0 giant spiked club
              (18 damage)
             ... on level 5 of the Dungeon.
             The game lasted 00:04:05 (3524 turns).

Dittersdorf the Covered (Gargoyle Fighter)          Turns: 3524, Time: 00:04:06

Health: -1/44      AC: 17    Str: 22    XL:     7   Next: 86%
Magic:  7/7        EV: 12    Int:  8    God:
Gold:   162        SH:  6    Dex:  9    Spells: 6/6 levels left

rFire   . . .      SeeInvis .    a - +0 flail
rCold   . . .      Faith    .    c - +1 buckler
rNeg    + . .      Spirit   .    j - +0 chain mail
rPois   ∞          Reflect  .    (no helmet)
rElec   +          Rampage  .    y - +0 cloak
rCorr   .                        (no gloves)
Will    .....                    s - +0 pair of boots Stlth
                                 C - amulet of regeneration
HPRegen 1.07/turn                i - ring of flight
MPRegen 0.10/turn                B - +5 ring of evasion

@: flying
A: sickness immunity, AC +4, negative energy resistance 1, electricity
resistance, torment resistance 1, petrification resistance
a: no special abilities


You were on level 5 of the Dungeon.
You visited 1 branch of the dungeon, and saw 5 of its levels.

You collected 162 gold pieces.

Inventory:

Hand Weapons
 a - a +0 flail (weapon)
Armour
 c - a +1 buckler (worn)
 j - a +0 chain mail (worn)
 s - a +0 pair of boots (worn)
 y - a +0 cloak (worn)
 A - a +0 plate armour
Jewellery
 i - a ring of flight (left hand)
 B - a +5 ring of evasion (right hand)
 C - an amulet of regeneration (around neck)
Wands
 v - a wand of iceblast (10)
Scrolls
 f - 2 scrolls of immolation {unknown}
 h - a scroll of enchant weapon {unknown}
 k - 2 scrolls of teleportation {unknown}
 l - a scroll of summoning {unknown}
 m - 2 scrolls of identify {unknown}
 p - a scroll of acquirement {unknown}
 q - a scroll of enchant armour
 u - 2 scrolls of fog
 x - a scroll of fear {unknown}
 z - a scroll of blinking {unknown}
 D - 2 scrolls of vulnerability {unknown}
Potions
 b - 5 potions of curing {unknown}
 d - 2 potions of might
 g - a potion of mutation {unknown}
 n - 2 potions of resistance {unknown}
 o - a potion of lignification {unknown}
 r - a potion of ambrosia {unknown}
 t - a potion of berserk rage {unknown}
 w - a potion of haste {unknown}


   Skills:
 + Level 5.6 Fighting
 + Level 4.6 Maces & Flails
 + Level 5.7 Armour
 + Level 5.6 Shields


You had 6 spell levels left.
You didn't know any spells.
Your spell library contained the following spells:

 Spells                   Type           Power      Damage    Failure   Level
 Scorch                   Fire           0%         2d5       100%        2
 Flame Wave               Conj/Fire      0%         2d4       100%        4
 Summon Cactus Giant      Summ           0%         N/A       100%        6


Dungeon Overview and Level Annotations

Branches:
Dungeon (5/15)             Temple (0/1) D:5

Altars:
Dithmenos
Gozag
Ru

Shops:
D:1 ?   D:2 (   D:3 [


Innate Abilities, Weirdness & Mutations

You are immune to sickness and miasma.
Your stone body is resilient. (AC +4)
You are immune to poison.
You resist negative energy. (rN+)
You are resistant to electric shocks. (rElec)
You are resistant to unholy torment.
You are immune to petrification.


Message History

Done exploring.
(D) Dungeon
Where to? (Enter - D:4, ? - help)
What level of the Dungeon? (default 1, ? - help)
There is a stone staircase leading down here.
You fly downwards.
Found a stone staircase leading up.
There is a stone staircase leading up here.
As you read the scroll labelled MOBUNUMUTUD, it crumbles to dust.
The scroll dissolves into smoke.
It was a scroll of fog.
As you read the scroll labelled APIZXA JIXE, it crumbles to dust.
It is a scroll of enchant armour.
Your +0 buckler glows green for a moment.
As you read the scroll labelled SIOTSI RAESOOV, it crumbles to dust.
You feel aware of your surroundings.
You sensed 5 altars.
It was a scroll of magic mapping.
You reach down and open the door.
An ogre comes into view. It is wielding a +0 giant spiked club.
Found a scroll labelled ROSEOLE GOSKIO.
You barely miss the ogre. The ogre barely misses you.
You hit the ogre.
The ogre is lightly wounded.
You sock the ogre!
The ogre is moderately wounded.
The ogre hits you with a +0 giant spiked club!!
You barely miss the ogre.
The ogre is moderately wounded.
You block the ogre's attack.
You sock the ogre!
The ogre is heavily wounded.
The ogre barely misses you.
You barely miss the ogre.
The ogre is heavily wounded.
The ogre hits you with a +0 giant spiked club!
You barely miss the ogre.
The ogre is heavily wounded.
You sock the ogre!
The ogre is almost dead.
The ogre hits you with a +0 giant spiked club!!
You die...

,*+**,***,,*,**,*****,**,* *,*
,,,,*,***,,*,**,,,,,,,**,******,*
,*,,*,,,,,,*,***********,,,,,*,,,
+****,,*,.,*,,,,,,,* *****,*,**
,,,,,,,*,..#******,* *,*,*
,,,,,*,*,....,,,,*,*********,*,*
,,,,,*,,,.....,,,,,,,,,,,,,,,*,*
,,,,,*,*,......#####***###****,*
,,,*,,,,,......O@..# #§# *,*
,,,,**,*,.?....###.#####§#####,*
,,,,,,,*,.....,* #...§§§§§§..#,*
,,,,,***,.###*** #######§#§#.#,*
,,,,,* *,,* #§§,..*,* ,,,,,* *,,*
###.*##,* **,,,* *,,* *..,,,*
**,,,* *,,* **##*** ,,,,,***,,*


You could see an ogre.

Vanquished Creatures
  An ice beast (D:4)
  An orc warrior (D:3)
  A centaur (D:3)
  Blork the orc (D:4)
  2 scorpions (D:4)
  3 hounds (D:4)
  An orc priest (D:3)
  Terence (D:2)
  Jessica (D:2)
  3 gnolls (D:4)
  5 adders
  2 dart slugs
  6 orcs
  6 endoplasms
  5 giant cockroaches
  5 hobgoblins
  5 jackals
  5 kobolds
  3 quokkas
  15 ball pythons
  9 bats
  6 frilled lizards
  6 goblins
  5 rats
98 creatures vanquished.

Notes
Turn   | Place    | Note
-------+----------+-------------------------------------------
     0 | D:1      | Dittersdorf the Gargoyle Fighter began the quest for the
                  | Orb.
     0 | D:1      | Reached XP level 1. HP: 14/14 MP: 1/1
   145 | D:1      | Reached XP level 2. HP: 19/19 MP: 2/2
   301 | D:1      | Found Alioqiz's Magic Scroll Shoppe.
   510 | D:1      | Reached XP level 3. HP: 23/23 MP: 3/3
  1067 | D:2      | Noticed Terence
  1075 | D:2      | Killed Terence
  1076 | D:2      | Reached XP level 4. HP: 28/29 MP: 4/4
  1489 | D:2      | Noticed Jessica
  1494 | D:2      | Killed Jessica
  1495 | D:2      | Reached XP level 5. HP: 33/33 MP: 5/5
  1595 | D:2      | Found Oweif's Antique Weapon Shop.
  1756 | D:3      | Noticed a centaur
  1773 | D:3      | Killed a centaur
  1853 | D:3      | Found a shadowy altar of Dithmenos.
  1943 | D:3      | Found a sacrificial altar of Ru.
  2224 | D:3      | Reached XP level 6. HP: 33/39 MP: 6/6
  2396 | D:3      | Found Ipheiq's Armour Shop.
  2583 | D:4      | Noticed an orc warrior
  2608 | D:3      | Killed an orc warrior
  2818 | D:4      | Reached skill level 5 in Armour
  2818 | D:4      | Reached skill level 5 in Shields
  2909 | D:4      | Reached skill level 5 in Fighting
  2909 | D:4      | Reached XP level 7. HP: 44/44 MP: 7/7
  3101 | D:4      | Found an opulent altar of Gozag.
  3225 | D:4      | Noticed Blork the orc
  3232 | D:4      | Killed Blork the orc
  3499 | D:5      | Entered Level 5 of the Dungeon
  3524 | D:5      | Slain by an ogre

Illustrated notes

Levels and vault maps discovered:
D:1:      giann_horns, layout_basic, serial_shops, nicolae_shop_behind_doors,
          minmay_pentomino_q2
D:2:      layout_basic, serial_shops, nicolae_shop_window_shopping,
          uniq_jessica, uniq_terence
D:3:      layout_basic, mainiacjoe_overflow_paths,
          nicolae_dithmenos_the_darkroom, serial_shops, nicolae_lakefront_shop
D:4:      layout_basic, grunt_gozag_breadcrumbs, minmay_bisected,
          uniq_blork_the_orc
D:5:      layout_basic, minmay_overflow_temple_star_hex,
          minmay_temple_entry_ruins

Skill      XL: |  1  2  3  4  5  6 |
---------------+-------------------+-----
Armour         | 4 5 |  5.7
Fighting       | 4 5 |  5.6
Shields        | 4 5 |  5.6
Maces & Flails | 3 4 |  4.6

Action                     |  1- 3 |  4- 6 |  7- 9 || total
---------------------------+-------+-------+-------++-------
  Melee: Flail             |   113 |   160 |   115 ||   388
    Use: Potion            |       |     1 |       ||     1
         Scroll            |       |       |     3 ||     3
 Armour: Scale mail        |     9 |       |       ||     9
         Chain mail        |    81 |   144 |    50 ||   275
  Dodge: Dodged            |    64 |    88 |    67 ||   219
  Block: Buckler           |    20 |    36 |    22 ||    78

Table legend: (Time is in decaauts)
 A = Elapsed time spent in this place.
 B = Non-inter-level travel time spent in this place.
 C = Inter-level travel time spent in this place.
 D = Time resting spent in this place.
 E = Time spent auto-exploring this place.
 F = Levels seen in this place.
 G = Mean time per level.
                   A        B        C        D        E       F      G
               +--------+--------+--------+--------+--------+-----+--------+
         Total |   3631 |   3522 |    109 |    258 |   2389 |   5 |  726.2 |
       Dungeon |   3631 |   3522 |    109 |    258 |   2389 |   5 |  726.2 |
               +--------+--------+--------+--------+--------+-----+--------+

Top non-repeatable levels by time:
     D:1: 1018 daAuts
     D:3: 935 daAuts
     D:4: 863 daAuts
     D:2: 786 daAuts
     D:5: 26 daAuts
